 Dungeon Sprint DCSS version 0.28-a0-925-gd5e1996cdb (webtiles) character file.

Game seed: 1246947742657271478

69555 emperorscorpion the Demolition Djinni (level 15, 0/113 HPs)
             Began as a Djinni Air Elementalist on Nov 26, 2021.
             Was an Elder of Makhleb.
             Slain by Mennas (6 damage)
             ... in the Dungeon (Sprint IX: "|||||||||||||||||||||||||||||").
             The game lasted 00:48:25 (6894 turns).

emperorscorpion the Demolition Djinni (DjAE)        Turns: 6894, Time: 00:48:26

Health: 0/113      AC: 27    Str:  8    XL:     15   Next: 74%
Gold:   655        EV:  7    Int: 22    God:    Makhleb [****..] SH:  0 Dex: 16

rFire   + + .      SeeInvis +   u - +2 short sword (distort)
rCold   x . .      Faith    .   (no shield)
rNeg    . . .      Spirit   .   l - +1 chain mail
rPois   ∞          Reflect  .   h - +2 helmet {SInv}
rElec   .          Harm     .   j - +0 cloak
rCorr   .          Rampage  .   I - +1 pair of gloves
Will    +....      NoTele   +   (boots unavailable)
Stlth   ++........              (no amulet)
HPRegen 0.28/turn               m - +2 ring of protection
MPRegen 0.00/turn               n - +2 ring of protection

@: flying, glowing
A: sickness immunity, fire resistance 2, cold vulnerability 1, float, innate
caster, hp casting, extra vitality 1, thin skeletal structure 1, camouflage 1,
shaggy fur 1
a: Renounce Religion, Minor Destruction, Lesser Servant of Makhleb, Major
Destruction


You were in the Dungeon.
You worshipped Makhleb.
Makhleb was greatly pleased with you.
You visited 1 branch You collected 1930 gold pieces.
You spent 1275 gold pieces at shops.

Inventory:

Hand Weapons
 i - a +2 rapier of venom
 u - a +2 short sword of distortion (weapon)
 F - the +2 hand axe "Duifimy" {freeze, rCorr}
   (You found it in the Dungeon)

   It freezes those it strikes, dealing additional cold damage.
   It can also slow down cold-blooded creatures.
   rCorr:     It protects you from acid and corrosion.
Missiles
 r - 4 throwing nets
 t - 2 curare-tipped darts
Armour
 a - a +0 robe
 h - a +2 helmet of see invisible (worn)
 j - a +0 cloak (worn)
 l - a +1 chain mail (worn)
 G - +1 fire dragon scales
 H - a +2 troll leather armour
 I - a +1 pair of gloves (worn)
Jewellery
 m - a +2 ring of protection (left hand)
 n - a +2 ring of protection (right hand)
 C - a ring of ice
 D - a ring of willpower
 E - a ring of ice
Wands
 s - a wand of flame (10)
 y - a wand of polymorph (12)
 B - a wand of iceblast (7)
Scrolls
 g - 7 scrolls of enchant armour
 o - 7 scrolls of identify
 q - 2 scrolls of fog
 v - 3 scrolls of immolation
 w - a scroll of summoning
 x - a scroll of silence
 J - 2 scrolls of enchant weapon
Potions
 c - 2 potions of invisibility
 d - a potion of haste
 e - 4 potions of berserk rage
 f - 4 potions of might
 k - a potion of brilliance
 z - 2 potions of heal wounds
 A - a potion of ambrosia


   Skills:
 * Level 12.5 Fighting
 + Level 2.1 Short Blades
 + Level 15.8 Armour
 + Level 8.5 Dodging
 + Level 13.0 Stealth
 - Level 17.5 Spellcasting
 O Level 27 Invocations
 + Level 5.3 Evocations


You had 14 spell levels left.
You knew the following spells:

 Your Spells              Type           Power      Damage    Failure   Level
a - Shock                 Conj/Air       100%       1d9       1%          1
b - Static Discharge      Conj/Air       77%        N/A       1%          2
c - Swiftness             Air            77%        N/A       1%          3
d - Airstrike             Air            38%        N/A       1%          4
e - Apportation           Tloc           100%       N/A       1%          1
f - Wereblood             Tmut           77%        N/A       1%          2
g - Vampiric Draining     Necr           77%        2d11      1%          3
h - Mephitic Cloud        Conj/Pois/Air  77%        N/A       1%          3
i - Manifold Assault      Tloc           77%        N/A       1%          5
j - Simulacrum            Ice/Necr       38%        N/A       10%         6
P - Silence               Hex/Air        38%        N/A       1%          5
Your spell library was empty.

Dungeon Overview and Level Annotations

Branches:
Dungeon (1/1)

Altars:
Cheibriados
Dithmenos
Elyvilon
Fedhas
Gozag
Hepliaklqana
Kikubaaqudgha
Makhleb
Nemelex Xobeh
Okawaru
Qazlal
Ru
Sif Muna
Trog
Uskayaw
Vehumet
Wu Jian
Xom
Yredelemnul
Zin
The Shining One
Beogh
Jiyva
Lugonu

Shops:
D **:

Annotations:
D Mennas


Innate Abilities, Weirdness & Mutations

You are immune to sickness and miasma.
You are immune to poison.
Your flesh is very heat resistant. (rF++)
You are vulnerable to cold. (rC-)
You float through the air rather than walking.
You learn spells naturally, not from books.
Your magical power is your life essence.
You have superior vitality. (+4 HP)
You have a somewhat thin skeletal structure. (Dex +2, Stealth+)
Your skin changes colour to match your surroundings (Stealth+).
You are covered in fur. (AC +1)


Message History

Things that are here:
a +0 dagger; a +0 robe Mennas is caught in a moment of prayer.
Things that are here:
a +0 morningstar; a +0 leather armour
Items here: ( )) [.
Your extra speed is starting to run out.
Things that are here:
a +0 dire flail; a +0 scale mail You see here a +0 scale mail.
Mennas becomes audible again.
There is an open door to the Vaults here.
Things that are here:
a +0 falchion; a +0 ring mail
Things that are here:
a +0 battleaxe; a +0 chain mail Mennas gestures frantically.
You are confused.
Things that are here:
a +0 morningstar; a +0 ring mail You bump into the unnaturally hard rock wall.
You feel yourself slow down.
Mennas gestures frantically.
You resist with some effort.
You feel better. Mennas hits you but does no damage.
Mennas hits you with a +1 sacred scourge of holy wrath.
* * * LOW HITPOINT WARNING * * *
As you read the scroll of fear, it crumbles to dust.
You assume a fearsome visage.
Mennas resists with almost no effort.
Mennas hits you but does no damage. Mennas completely misses you.
Okay, then.
Mennas blocks your attack. Mennas hits you but does no damage. x3
Mennas completely misses you.
You barely miss Mennas. Mennas hits you but does no damage. x2
Mennas blocks your attack.
Mennas shakes his head sadly.
Mennas hits you with a +1 sacred scourge of holy wrath!
* * * LOW HITPOINT WARNING * * *
Mennas hits you with a +1 sacred scourge of holy wrath.
You die...

▓.▓.♣.♣.▓.▓.▓.▓.▓'
▓)▓.♣.♣.▓.▓.▓'▓.▓.
▓.▓.♣)♣.▓.▓.▓.▓.▓.
▓)▓.♣.♣.▓.▓.▓.▓.▓.
▓[▓.♣.♣.▓.▓.▓.▓.▓.
▓)▓.♣[♣.▓.▓.▓)▓.▓.
▓.▓.♣'♣.▓.▓.▓.▓.▓.
▓A▓.▓.▓.▓(▓.▓.▓.▓.
▓@▓.▓.▓.▓.▓.▓)▓.▓.
▓)▓.▓.▓.▓.▓.▓.▓.▓.
▓)▓.▓.▓.▓[▓.▓.▓.▓'
▓)▓.▓.▓.▓[▓.▓)▓.▓.
▓.▓.▓.▓.▓[▓.▓.▓.▓.
▓.▓.▓.▓.▓[▓.▓.▓.▓.
▓.▓.▓.▓.▓.▓.▓)▓.▓.
▓.▓.▓.▓.▓[▓.▓.▓.▓.
▓.▓.▓'▓.▓.▓.▓)▓.▓.


You could see Mennas.

Vanquished Creatures
  Frances (D)
  A sphinx (D)
  A thorn hunter (D)
  A fire giant (D)
  A fenstrider witch (D)
  A frost giant (D)
  2 very ugly things (D)
  3 ironbound preservers (D)
  A stone giant (D)
  A vampire knight (D)
  2 dire elephants (D)
  An ettin (D)
  Snorg (D)
  Josephine (D)
  An eleionoma (D)
  2 merfolk impalers (D)
  2 fire dragons (D)
  A rakshasa (D)
  A boulder beetle (D)
  A naga warrior (D)
  A yaktaur captain (D)
  3 great orbs of eyes (D)
  4 hydras (D)
  2 ironbound thunderhulks (D)
  Harold (D)
  An ice dragon (D)
  2 ogre magi (D)
  2 ironbound frosthearts (D)
  2 centaur warriors (D)
  8 two-headed ogres (D)
  2 anacondas (D)
  A vampire mage (D)
  A spriggan berserker (D)
  2 shock serpents (D)
  A hell knight (D)
  Sonja (D)
  A goliath frog (D)
  A skeletal warrior (D)
  A spriggan druid (D)
  A naga ritualist (D)
  2 wizards (D)
  An ironbound convoker (D)
  2 harpies (D)
  A lindwurm (D)
  A deep elf pyromancer (D)
  4 orc knights (D)
  4 ugly things (D)
  2 manticores (D)
  An orc sorcerer (D)
  An orb spider (D)
  A wolf spider (D)
  Maurice (D)
  5 elephants (D)
  2 cyclopes (D)
  4 vault sentinels (D)
  6 cane toads (D)
  A water nymph (D)
  A rime drake (D)
  A komodo dragon (D)
  A demonic crawler (D)
  A jumping spider (D)
  A merfolk (D)
  A tyrant leech (D)
  2 slime creatures (D)
  A snapping turtle (D)
  A dream sheep (D)
  A blink frog (D)
  A water elemental (D)
  4 wraiths (D)
  4 yaks (D)
  2 tarantellas (D)
  A wyvern (D)
  A basilisk (D)
  Grum (D)
  A vampire mosquito (D)
  2 water moccasins (D)
  A swamp drake (D)
  A black bear (D)
  7 orc warriors (D)
  A centaur (D)
  3 ogres (D)
  4 wolves (D)
  A wight (D)
  A howler monkey (D)
  2 orc priests (D)
  A hell rat (D)
  4 orc wizards (D)
  An adder (D)
  A white imp (D)
  A dart slug (D)
  8 orcs (D)
  A bat zombie (D)
  A goblin (D)
  A hobgoblin (D)
  2 quokkas (D)
  A bat (D)
  A frilled lizard (D)
  A quokka skeleton (D)
176 creatures vanquished.

Vanquished Creatures (collateral kills)
  A tentacled monstrosity (D)
  A fire giant (D)
  A stone giant (D)
  A vampire knight (D)
  A great orb of eyes (D)
  2 rakshasas (D)
  A salamander tyrant (D)
  An elephant (D)
  A guardian serpent (D)
  A demonic crawler (D)
  A redback (D)
  A tarantella (D)
  A naga (D)
14 creatures vanquished.

Grand Total: 190 creatures vanquished

Notes
Turn   | Place    | Note
-------+----------+-------------------------------------------
     0 | D        | emperorscorpion the Djinni Air Elementalist began the quest
                  | for the Orb.
     0 | D        | Reached XP level 1. HP: 15/15 MP: 0/0
    82 | D        | Reached XP level 2. HP: 19/21 MP: 0/0
    90 | D        | Reached XP level 3. HP: 14/25 MP: 0/0
    90 | D        | Learned a level 1 spell: Apportation
    96 | D        | Found a snail-covered altar of Cheibriados.
    96 | D        | Found a shadowy altar of Dithmenos.
    96 | D        | Found a white marble altar of Elyvilon.
    96 | D        | Found a blossoming altar of Fedhas.
    96 | D        | Found an opulent altar of Gozag.
    97 | D        | Found a hazy altar of Hepliaklqana.
    98 | D        | Found a viscous altar of Jiyva.
   100 | D        | Found a corrupted altar of Lugonu.
   101 | D        | Found a burning altar of Makhleb.
   102 | D        | Found a sparkling altar of Nemelex Xobeh.
   103 | D        | Found an iron altar of Okawaru.
   104 | D        | Found a stormy altar of Qazlal.
   105 | D        | Found a sacrificial altar of Ru.
   107 | D        | Found a bloodstained altar of Trog.
   108 | D        | Found a hide-covered altar of Uskayaw.
   109 | D        | Became a worshipper of Makhleb the Destroyer
   111 | D        | Found an ornate altar of the Wu Jian Council.
   112 | D        | Found a shimmering altar of Xom.
   113 | D        | Found a basalt altar of Yredelemnul.
   114 | D        | Found a glowing silver altar of Zin.
   115 | D        | Found a glowing golden altar of the Shining One.
   222 | D        | Noticed an orc warrior
   222 | D        | Noticed a wyvern
   222 | D        | Noticed a wight
   222 | D        | Noticed a centaur
   226 | D        | Reached skill level 1 in Armour
   226 | D        | Reached skill level 5 in Spellcasting
   226 | D        | Reached skill level 1 in Invocations
   226 | D        | Reached XP level 4. HP: 26/31 MP: 0/0
   226 | D        | Killed a centaur
   226 | D        | Reached * piety under Makhleb
   226 | D        | Killed a wyvern
   227 | D        | Reached skill level 5 in Dodging
   227 | D        | Reached skill level 4 in Invocations
   227 | D        | Reached XP level 5. HP: 31/35 MP: 0/0
   227 | D        | Learned a level 2 spell: Wereblood
   227 | D        | Reached XP level 6. HP: 35/40 MP: 0/0
   233 | D        | Killed an orc warrior
   233 | D        | Reached ** piety under Makhleb
   234 | D        | Reached skill level 5 in Armour
   234 | D        | Reached skill level 5 in Invocations
   234 | D        | Reached skill level 1 in Evocations
   234 | D        | Reached XP level 7. HP: 8/45 MP: 0/0
   234 | D        | Learned a level 3 spell: Vampiric Draining
   475 | D        | Noticed a six-headed hydra
   475 | D        | Noticed a vampire mosquito
   475 | D        | Noticed a centaur warrior
   475 | D        | Noticed a red ugly thing
   475 | D        | Noticed a six-headed hydra
   475 | D        | Noticed a cyclops
   485 | D        | Killed a cyclops
   486 | D        | Reached skill level 10 in Spellcasting
   486 | D        | Reached skill level 6 in Invocations
   486 | D        | Reached XP level 8. HP: 49/50 MP: 0/0
   490 | D        | Killed a six-headed hydra
   491 | D        | Reached skill level 7 in Invocations
   491 | D        | Killed a red ugly thing
   492 | D        | Reached XP level 9. HP: 30/55 MP: 0/0
   492 | D        | Learned a level 3 spell: Mephitic Cloud
   503 | D        | Killed a centaur warrior
   503 | D        | Reached *** piety under Makhleb
   504 | D        | Reached skill level 1 in Fighting
   504 | D        | Reached skill level 8 in Invocations
   527 | D        | Killed a six-headed hydra
   528 | D        | Reached skill level 9 in Invocations
   528 | D        | Reached XP level 10. HP: 37/62 MP: 0/0
   822 | D        | Gained mutation: You are dopey. (Int -2) [potion of
                  | mutation]
   822 | D        | Gained mutation: You are covered in fur. (AC +1) [potion of
                  | mutation]
   822 | D        | Gained mutation: You possess an exceptional clarity of
                  | mind. [potion of mutation]
   823 | D        | Noticed a cane toad
   823 | D        | Noticed a cane toad
   825 | D        | Noticed a cane toad
   828 | D        | Killed a cane toad
   831 | D        | Noticed a cane toad
   835 | D        | Killed a cane toad
   835 | D        | Reached **** piety under Makhleb
   836 | D        | Reached skill level 5 in Evocations
   846 | D        | Killed a cane toad
   846 | D        | Reached ***** piety under Makhleb
   847 | D        | Reached skill level 10 in Armour
   850 | D        | Killed a cane toad
   897 | D        | Noticed a cane toad
   897 | D        | Noticed a komodo dragon
   901 | D        | Killed a komodo dragon
   901 | D        | Noticed a cane toad
   902 | D        | Reached skill level 10 in Invocations
   904 | D        | Noticed a rime drake
   908 | D        | Killed a cane toad
   909 | D        | Reached XP level 11. HP: 46/69 MP: 0/0
   909 | D        | Learned a level 5 spell: Silence
   922 | D        | Reached skill level 1 in Short Blades
   923 | D        | Reached ****** piety under Makhleb
   924 | D        | Reached skill level 15 in Spellcasting
   986 | D        | Noticed a dire elephant
   986 | D        | Noticed an elephant
   986 | D        | Noticed an elephant
   986 | D        | Noticed an elephant
   986 | D        | Noticed an elephant
   986 | D        | Noticed an elephant
   988 | D        | Noticed an elephant
   993 | D        | Killed an elephant
   997 | D        | Noticed a dire elephant
  1003 | D        | Killed an elephant
  1005 | D        | Killed an elephant
  1018 | D        | Killed an elephant
  1019 | D        | Reached skill level 11 in Invocations
  1341 | D        | Killed an elephant
  1345 | D        | Killed a dire elephant
  1521 | D        | Killed an elephant
  1612 | D        | Killed a dire elephant
  1937 | D        | Noticed Harold
  1945 | D        | Killed Harold
  1949 | D        | Lost mutation: You possess an exceptional clarity of mind.
                  | [potion of mutation]
  1949 | D        | Lost mutation: You are dopey. (Int -2) [potion of mutation]
  1949 | D        | Gained mutation: Your skin changes colour to match your
                  | surroundings (Stealth+). [potion of mutation]
  1949 | D        | Gained mutation: You have a somewhat thin skeletal
                  | structure. (Dex +2, Stealth+) [potion of mutation]
  1964 | D        | Noticed Sonja
  1982 | D        | Killed Sonja
  1983 | D        | Reached skill level 12 in Invocations
  1983 | D        | Reached XP level 12. HP: 12/76 MP: 0/0
  2812 | D        | Paralysed by an orc sorcerer for 4 turns
  2979 | D        | Found Asamirubb's Book Boutique.
  2979 | D        | Noticed a two-headed ogre
  2979 | D        | Noticed a two-headed ogre
  2979 | D        | Noticed a two-headed ogre
  2979 | D        | Noticed a two-headed ogre
  2979 | D        | Noticed a two-headed ogre
  3014 | D        | Killed a two-headed ogre
  3014 | D        | Killed a two-headed ogre
  3015 | D        | Reached skill level 13 in Invocations
  3016 | D        | Killed a two-headed ogre
  3017 | D        | Reached skill level 5 in Stealth
  3018 | D        | Killed a two-headed ogre
  3019 | D        | Reached skill level 14 in Invocations
  3019 | D        | Killed a two-headed ogre
  3153 | D        | Noticed a two-headed ogre
  3156 | D        | Killed a two-headed ogre
  3157 | D        | Reached skill level 15 in Invocations
  3317 | D        | Noticed an ogre mage
  3320 | D        | Killed an ogre mage
  3380 | D        | Found Renguce's Assorted Antiques.
  3384 | D        | Found Giexkab's General Store.
  3388 | D        | Found Lyavomuu's Magic Scroll Shop.
  3391 | D        | Noticed a two-headed ogre
  3391 | D        | Noticed a two-headed ogre
  3394 | D        | Noticed an ogre mage
  3395 | D        | Killed a two-headed ogre
  3396 | D        | Killed a two-headed ogre
  3397 | D        | Reached skill level 16 in Invocations
  3397 | D        | Reached XP level 13. HP: 63/80 MP: 0/0
  3397 | D        | Learned a level 5 spell: Manifold Assault
  3397 | D        | Killed an ogre mage
  3464 | D        | Bought a scroll of immolation for 42 gold pieces
  3464 | D        | Bought a scroll of summoning for 114 gold pieces
  3464 | D        | Bought a scroll of summoning for 114 gold pieces
  3464 | D        | Bought a scroll of immolation for 42 gold pieces
  3464 | D        | Bought a scroll of enchant armour for 90 gold pieces
  3464 | D        | Bought a scroll of silence for 90 gold pieces
  3464 | D        | Bought a scroll of enchant armour for 90 gold pieces
  3464 | D        | Bought a scroll of immolation for 42 gold pieces
  3464 | D        | Bought a scroll of fog for 24 gold pieces
  3464 | D        | Bought a scroll of identify for 24 gold pieces
  3466 | D        | Bought a potion of heal wounds for 60 gold pieces
  3468 | D        | Bought a potion of invisibility for 176 gold pieces
  3468 | D        | Bought a red potion for 19 gold pieces
  3468 | D        | Bought a scroll of identify for 44 gold pieces
  3472 | D        | Bought a scroll of identify for 44 gold pieces
  3472 | D        | Bought a scroll of identify for 44 gold pieces
  3475 | D        | Bought a wand of polymorph (12) for 168 gold pieces
  3477 | D        | Bought a scroll of identify for 24 gold pieces
  3477 | D        | Bought a scroll of identify for 24 gold pieces
  3499 | D        | Noticed Maurice
  3502 | D        | Killed Maurice
  3518 | D        | Noticed Grum
  3520 | D        | Killed Grum
  3521 | D        | Reached skill level 17 in Invocations
  3600 | D        | Got the +2 hand axe "Duifimy" {freeze, rCorr}
  3649 | D        | Noticed a centaur warrior
  3650 | D        | Noticed a boulder beetle
  3651 | D        | Killed a centaur warrior
  3652 | D        | Reached skill level 18 in Invocations
  3655 | D        | Killed a boulder beetle
  3657 | D        | Noticed an ettin
  3661 | D        | Noticed a frost giant
  3662 | D        | Noticed a rakshasa
  3663 | D        | Killed an ettin
  3664 | D        | Reached skill level 19 in Invocations
  3666 | D        | Killed a frost giant
  3666 | D        | Noticed a vampire knight
  3673 | D        | Killed a vampire knight
  3674 | D        | Killed a rakshasa
  3675 | D        | Reached skill level 20 in Invocations
  3675 | D        | Noticed a rakshasa
  3676 | D        | Noticed a stone giant
  3678 | D        | Killed a rakshasa
  4139 | D        | Killed a stone giant
  4310 | D        | Noticed Frances
  4312 | D        | Noticed Josephine
  4315 | D        | Killed Frances
  4316 | D        | Reached skill level 21 in Invocations
  4316 | D        | Killed Josephine
  4434 | D        | Noticed Snorg
  4437 | D        | Killed Snorg
  4585 | D        | Noticed a naga warrior
  4586 | D        | Noticed an anaconda
  4588 | D        | Killed an anaconda
  4588 | D        | Noticed a salamander tyrant
  4589 | D        | Reached skill level 22 in Invocations
  4589 | D        | Reached XP level 14. HP: 73/87 MP: 0/0
  4612 | D        | Reached skill level 23 in Invocations
  5135 | D        | Noticed a thorn hunter
  5135 | D        | Noticed a fenstrider witch
  5138 | D        | Killed a thorn hunter
  5139 | D        | Reached skill level 24 in Invocations
  5141 | D        | Killed a fenstrider witch
  5269 | D        | Reached skill level 25 in Invocations
  5271 | D        | Reached skill level 10 in Stealth
  5461 | D        | Noticed a tentacled monstrosity
  5463 | D        | Reached skill level 26 in Invocations
  5465 | D        | Noticed a stone giant
  5468 | D        | Killed a tentacled monstrosity
  5470 | D        | Noticed a fire giant
  5471 | D        | Noticed a purple very ugly thing
  5471 | D        | Killed a stone giant
  5472 | D        | Reached XP level 15. HP: 66/93 MP: 0/0
  5472 | D        | Learned a level 6 spell: Simulacrum
  5477 | D        | Killed a fire giant
  5477 | D        | Noticed a fire giant
  5478 | D        | Reached skill level 27 in Invocations
  5479 | D        | Killed a purple very ugly thing
  5493 | D        | Killed a fire giant
  5493 | D        | Noticed a sphinx
  5504 | D        | Killed a sphinx
  5897 | D        | Reached skill level 5 in Fighting
  6165 | D        | Noticed an ironbound preserver
  6169 | D        | Killed an ironbound preserver
  6274 | D        | Noticed a brown very ugly thing
  6275 | D        | Noticed an ironbound preserver
  6277 | D        | Reached skill level 10 in Fighting
  6277 | D        | Killed a brown very ugly thing
  6278 | D        | Reached skill level 15 in Armour
  6278 | D        | Killed an ironbound preserver
  6692 | D        | Noticed an ironbound preserver
  6695 | D        | Killed an ironbound preserver
  6828 | D        | Noticed Mennas
  6894 | D        | Slain by Mennas

Illustrated notes

Levels and vault maps discovered:
D:        linesprint [early_d, line_temple, items_1, d_10, items_2, lair_1,
          lair_end, items_3, orc_1, orc_end, items_4, d_15, swamp_1, shoals_1,
          snake_1, spider_1, d_20, vaults_1, items_5, swamp_end, shoals_end,
          snake_end, spider_end, vaults_end, d_27, items_6, zot_1, zot_end,
          crypt_end, forest_end, elf_end, slime_end, tomb_end, abyss_end,
          pan_hell_end]

Skill      XL: |  1  2  3  4  5  6  7  8  9 10 11 12 13 14 15 |
---------------+----------------------------------------------+-----
Spellcasting   | 3 4 5 8 10 11 13 14 16 17 | 17.5
Stealth        | 2 6 8 10 13 | 13.0
Dodging        | 3 5 6 7 8 |  8.5
Armour         | 1 4 5 6 7 9 10 12 13 15 | 15.8
Invocations    | 1 4 5 6 7 9 10 12 16 22 26 27 | 27.0
Evocations     | 1 2 3 4 5 |  5.3
Fighting       | 1 2 3 12 | 12.5
Short Blades   | 1 2 |  2.1

Action                   |  1- 3 |  4- 6 |  7- 9 | 10-12 | 13-15 || total
-------------------------+-------+-------+-------+-------+-------++-------
Melee: Rapier            |       |       |       |     7 |     6 ||    13
       Short sword       |       |       |       |       |    16 ||    16
 Cast: Shock             |     5 |     4 |    11 |   114 |     6 ||   140
       Static Discharge  |     7 |     4 |     2 |    14 |     3 ||    30
       Swiftness         |     1 |       |     1 |     4 |     1 ||     7
       Vampiric Draining |       |       |     6 |    46 |     1 ||    53
       Mephitic Cloud    |       |       |     3 |    32 |     2 ||    37
       Airstrike         |       |       |     1 |     6 |     1 ||     8
       Silence           |       |       |       |     1 |       ||     1
       Manifold Assault  |       |       |       |       |    13 ||    13
Invok: Lesser Servant of |       |       |     3 |     4 |       ||     7
       Minor Destruction |       |       |     2 |       |       ||     2
       Greater Servant o |       |       |       |     1 |    11 ||    12
       Major Destruction |       |       |       |    23 |   125 ||   148
Evoke: Wand              |     2 |       |     8 |       |       ||    10
  Use: Potion            |     1 |       |     2 |     3 |     7 ||    13
       Scroll            |       |       |     2 |     2 |     4 ||     8
Armor: Robe              |     4 |       |     7 |       |       ||    11
       Chain mail        |       |       |       |    31 |    49 ||    80
Dodge: Dodged            |     7 |     1 |    10 |    15 |    17 ||    50

Table legend: (Time is in decaauts)
 A = Elapsed time spent in this place.
 B = Non-inter-level travel time spent in this place.
 C = Inter-level travel time spent in this place.
 D = Time resting spent in this place.
 E = Time spent auto-exploring this place.
 F = Levels seen in this place.
 G = Mean time per level.
                   A        B        C        D        E       F      G
               +--------+--------+--------+--------+--------+-----+--------+
         Total |   6874 |   6606 |    268 |   2742 |   1824 |   1 | 6874.0 |
       Dungeon |   6874 |   6606 |    268 |   2742 |   1824 |   1 | 6874.0 |
               +--------+--------+--------+--------+--------+-----+--------+

Top non-repeatable levels by time:
       D: 6874 daAuts
